 Dungeon Crawl Stone Soup version 0.31-a0-435-g2c6fae2916 (webtiles) character file.

Game seed: 9159383272278800708

14173 MacCMillion the Grappler (level 11, -1/100 HPs)
             Began as a Purple Draconian Shapeshifter on Aug 1, 2023.
             Was a Priest of Qazlal.
             Slain by a spark wasp (glowing shapeshifter) (16 damage)
             ... on level 11 of the Dungeon.
             The game lasted 00:27:23 (10663 turns).

MacCMillion the Grappler (DrSh)                    Turns: 10663, Time: 00:27:23

Health: -1/100     AC: 10    Str: 22    XL:     11   Next: 85%
Magic:  14/14      EV: 17    Int:  9    God:    Qazlal [***...]
Gold:   923        SH:  4    Dex: 11    Spells: 10/10 levels left

rFire   . .          .
                       - Unarmed
rCold   . . .        (shield currently unavailable)
rNeg    . . .        (body armour unavailable)
rPois   .            L - +2 hat {Stlth+}
rElec   .            r - +0 cloak
rCorr   .            (gloves currently unavailable)
SInv    .            (no boots)
Will    +....        k - amulet of the acrobat
Stlth   ++           K - +5 ring of evasion
HPRegen 0.36/turn    (no ring)
MPRegen 0.14/turn

%: acrobat
@: blade hands, studying Evocations
A: breathe power, AC +7, unfitting armour, cold-blooded
a: Breathe Dispelling Energy, Begin Untransformation, Renounce Religion,
Upheaval, Elemental Force


You were on level 11 of the Dungeon.
You worshipped Qazlal.
Qazlal was most pleased with you.
You had blades for hands.
You visited 2 branches of the dungeon, and saw 12 of its levels.
You also visited: Ossuary.

You collected 987 gold pieces.
You spent 64 gold pieces at shops.

Inventory:

Missiles
 n - 6 javelins
 z - 4 poisoned darts (quivered)
 B - 2 throwing nets
Armour
 r - a +0 cloak (worn)
 L - a +2 hat of stealth (worn)
Jewellery
 a - the ring of Fajaes {Fly rC+ rCorr Str+3 Stlth+}
   (You acquired it on level 10 of the Dungeon)

   [ring of flight]

   Str:       It affects your strength (+3).
   rC:        It protects you from cold.
   Fly:       It grants you flight.
   rCorr:     It protects you from acid and corrosion.
   Stlth:     It makes you more stealthy.
 d - a ring of wizardry
 k - an amulet of the acrobat (around neck)
 C - a ring of magical power
 K - a +5 ring of evasion (left blade hand)
 O - a ring of fire
Talismans
 b - a beast talisman
 E - a blade talisman (active)
Wands
 y - a wand of quicksilver (11)
 A - a wand of paralysis (16)
 G - a wand of mindburst (20)
Scrolls
 f - 2 scrolls of amnesia
 g - 2 scrolls of brand weapon
 h - 4 scrolls of teleportation
 j - a scroll of revelation {unknown}
 l - a scroll of torment {unknown}
 m - 2 scrolls of noise {unknown}
 p - 2 scrolls of poison {unknown}
 q - 3 scrolls of vulnerability {unknown}
 t - 2 scrolls of enchant armour {unknown}
 v - 6 scrolls of fog {unknown}
 D - a scroll of enchant weapon {unknown}
 H - 2 scrolls of fear
 I - a scroll of immolation {unknown}
 J - a scroll of blinking {unknown}
 M - a scroll of identify
Potions
 c - 4 potions of heal wounds
 e - 3 potions of might
 i - 2 potions of degeneration {unknown}
 o - a potion of attraction {unknown}
 s - 2 potions of invisibility {unknown}
 u - 3 potions of mutation
 w - a potion of magic {unknown}
 x - 2 potions of brilliance {unknown}
 F - a potion of resistance {unknown}
 N - a potion of curing {unknown}


   Skills:
 + Level 10.2 Fighting
 - Level 3.6 Dodging
 - Level 12.0 Unarmed Combat
 + Level 4.7 Invocations
 + Level 3.1 Evocations
 + Level 9.7 Shapeshifting


You had 10 spell levels left.
You didn't know any spells.
Your spell library contained the following spells:

 Spells                   Type           Power      Damage    Failure   Level
 Apportation              Tloc           0%         N/A       80%         1
 Foxfire                  Conj/Fire      0%         2x1d4     80%         1
 Kiss of Death            Conj/Necr      0%         2d5       80%         1
 Magic Dart               Conj           0%         1d3       80%         1
 Necrotise                Necr           0%         1d4       80%         1
 Summon Small Mammal      Summ           0%         N/A       80%         1
 Call Imp                 Summ           0%         N/A       88%         2
 Sublimation of Blood     Necr           0%         N/A       88%         2
 Wereblood                Tmut           0%         N/A       88%         2
 Call Canine Familiar     Summ           0%         N/A       97%         3
 Confusing Touch          Hex            0%         N/A       97%         3
 Mephitic Cloud           Conj/Pois/Air  0%         N/A       97%         3
 Portal Projectile        Hex/Tloc       0%         N/A       97%         3
 Summon Guardian Golem    Hex/Summ       0%         N/A       97%         3
 Tukima's Dance           Hex            0%         N/A       97%         3
 Vhi's Electric Charge    Tloc/Air       0%         N/A       97%         3
 Dispel Undead            Necr           0%         3d6       100%        4
 Iskenderun's Mystic Bla  Conj/Tloc      0%         2d3       100%        4
 Leda's Liquefaction      Hex/Erth       0%         N/A       100%        4
 Arcjolt                  Conj/Air       0%         1d10      100%        5
 Plasma Beam              Fire/Air       0%         2x1d10    100%        6
 Starburst                Conj/Fire      0%         6d3       100%        6
 Orb of Destruction       Conj           0%         9d5       100%        7
 Spellforged Servitor     Conj/Summ      0%         N/A       100%        7
 Summon Hydra             Summ           0%         N/A       100%        7


Dungeon Overview and Level Annotations

Branches:
Dungeon (11/15)            Temple (1/1) D:4            Lair (0/5) D:10
Ossuary (visited)
    Orc: D:9-12

Altars:
Ashenzari
Cheibriados
Dithmenos
Elyvilon
Fedhas
Gozag
Hepliaklqana
Kikubaaqudgha
Makhleb
Nemelex Xobeh
Okawaru
Qazlal
Ru
Sif Muna
Trog
Uskayaw
Vehumet
Wu Jian
Xom
Yredelemnul
Zin
The Shining One

Shops:
D:8 :   D:10 ?

Portals:
Trove: D:10 (give 16 scrolls of teleportation)

Annotations:
D:5 Sigmund
D:6 1 runed translucent door, AdnanSaban's ghost, novice GrFi
D:7 1 runed translucent door, Crazy Yiuf


Innate Abilities, Weirdness & Mutations

You have blades for hands.
Your spellcasting is less reliable in this form.
You are incapable of wielding weapons or throwing items.
You can breathe bolts of dispelling energy.
Your rich purple scales are hard. (AC +7)
You cannot fit into any form of body armour.
You are cold-blooded and may be slowed by cold attacks.


Message History

Your Evocations skill increases to level 3!
Found a glowing helmet.
You start resting.
Magic restored.
A water nymph comes into view.
The water nymph changes into a swamp worm!
The swamp worm completely misses you. x2
You slice the swamp worm!!
You tail-slap the swamp worm, but do no damage.
The swamp worm is heavily wounded.
The swamp worm changes into a deep troll!
You hit the deep troll.
The deep troll is severely wounded.
You barely miss the deep troll.
The deep troll is severely wounded.
The deep troll barely misses you. The deep troll misses you.
The deep troll barely misses you.
You completely miss the deep troll. Your slash misses the deep troll.
The deep troll is severely wounded.
The deep troll closely misses you. The deep troll misses you. x2
You barely miss the deep troll. You tail-slap the deep troll.
The deep troll is severely wounded.
The deep troll changes into a satyr!
You hit the satyr.
The satyr is lightly wounded.
The satyr changes into a spark wasp!
You slash the spark wasp!
The spark wasp is lightly wounded.
The spark wasp barely misses you.
You hit the spark wasp.
The spark wasp is moderately wounded.
The spark wasp stings you! The spark wasp shocks you!
You closely miss the spark wasp.
The spark wasp is moderately wounded.
The spark wasp stings you!! The spark wasp shocks you!
* * * LOW HITPOINT WARNING * * *
You barely miss the spark wasp.
Your tail-slap misses the spark wasp.
The spark wasp is lightly wounded.
The spark wasp stings you!
You die...

###...... .........
.......[. ........#
##### ........# #...#
#.....# #...# #.....#
#...# #.....###...#
####...^...@...#
#..........#y..#
######..........#.###
................#)###.#
................#)....#
................###.###
................# .#
......>#+##.#.### .#
.......#.##.#.# #.


You could see a spark wasp shaped shifter.

Vanquished Creatures
  Gastronok (D:9)
  A centaur warrior (D:11)
  4 two-headed ogres
  A cyclops (D:11)
  A troll (D:10)
  A hornet (D:8)
  A vampire (D:10)
  26 yaks
  Grum (D:10)
  A basilisk (D:10)
  4 wyverns
  2 steam dragons (D:9)
  2 acid dragons
  6 water moccasins
  An orc warrior (D:9)
  2 black bears
  A sky beast (D:6)
  An ice beast (D:5)
  2 ogres
  2 wolves (D:10)
  2 centaurs
  5 bullfrogs
  An elf zombie (Ossuary)
  2 scorpions
  2 gnoll sergeants (D:8)
  13 wights
  3 howler monkeys
  2 hounds (D:7)
  A jelly (D:4)
  2 human zombies (Ossuary)
  An orc priest (D:7)
  4 sleepcaps
  3 gnoll boudas
  4 iguanas
  6 orc wizards
  Ijyb (D:5)
  3 mummies (Ossuary)
  22 gnolls
  8 adders
  3 river rats (D:4)
  2 shadow imps
  2 white imps
  2 ufetubi
  6 adder zombies (Ossuary)
  16 orcs
  7 endoplasms
  2 giant cockroaches
  3 gnoll zombies (Ossuary)
  8 goblins
  3 hobgoblins
  2 jackals (D:1)
  4 quokkas
  12 ball pythons
  8 bats
  5 frilled lizards
  3 goblin zombies (Ossuary)
  3 hobgoblin zombies (Ossuary)
  3 jackal zombies (Ossuary)
  4 kobolds
  4 kobold zombies (Ossuary)
  2 orc zombies (Ossuary)
  3 quokka zombies (Ossuary)
  7 rats
  5 rat zombies (Ossuary)
265 creatures vanquished.

Vanquished Creatures (others)
  A white imp (D:8)
1 creature vanquished.

Grand Total: 266 creatures vanquished

Notes
Turn   | Place    | Note
-------+----------+-------------------------------------------
     0 | D:1      | MacCMillion the Draconian Shapeshifter began the quest for
                  | the Orb.
     0 | D:1      | Reached XP level 1. HP: 16/16 MP: 1/1
   231 | D:1      | Reached XP level 2. HP: 23/23 MP: 2/2
   384 | D:1      | Found a faded altar of an unknown god.
   754 | D:1      | Reached XP level 3. HP: 25/29 MP: 3/3
   868 | D:2      | Reached skill level 4 in Unarmed Combat
  1169 | D:2      | Reached XP level 4. HP: 37/37 MP: 4/4
  1728 | D:3      | Found a broken altar of Ashenzari.
  1755 | D:3      | Found a white marble altar of Elyvilon.
  2167 | D:4      | Found a sand-covered staircase.
  2194 | Ossuary  | Entered an ossuary
  2253 | Ossuary  | Reached skill level 5 in Unarmed Combat
  2253 | Ossuary  | Reached XP level 5. HP: 38/45 MP: 5/5
  2487 | Ossuary  | Reached XP level 6. HP: 49/52 MP: 6/6
  2616 | Ossuary  | Reached skill level 6 in Unarmed Combat
  2751 | D:4      | Found a staircase to the Ecumenical Temple.
  2759 | Temple   | Entered the Ecumenical Temple
  2775 | Temple   | Became a worshipper of Qazlal Stormbringer
  2970 | D:4      | Found a glowing drain.
  3279 | D:5      | Entered Level 5 of the Dungeon
  3280 | D:5      | Noticed Sigmund
  3305 | D:5      | Noticed Ijyb
  3392 | D:5      | Killed Ijyb
  3487 | D:5      | Noticed an ice beast
  3499 | D:5      | Killed an ice beast
  3500 | D:5      | Reached skill level 7 in Unarmed Combat
  3500 | D:5      | Your scales start taking on a rich purple colour.
  3500 | D:5      | Reached XP level 7. HP: 60/60 MP: 7/7
  3540 | D:5      | Reached skill level 5 in Fighting
  3654 | D:5      | Found a hide-covered altar of Uskayaw.
  3654 | D:5      | Found a radiant altar of Vehumet.
  3668 | D:5      | Found a blossoming altar of Fedhas.
  3673 | D:5      | Found a snail-covered altar of Cheibriados.
  3690 | D:5      | Reached * piety under Qazlal
  3955 | D:6      | Reached skill level 8 in Unarmed Combat
  4014 | D:6      | Reached XP level 8. HP: 70/70 MP: 8/8
  4316 | D:6      | Found a runed translucent door.
  4329 | D:6      | Noticed AdnanSaban's ghost (novice GrFi)
  5372 | D:7      | Reached XP level 9. HP: 77/79 MP: 9/9
  5390 | D:7      | Reached skill level 1 in Invocations
  5548 | D:7      | Reached ** piety under Qazlal
  5556 | D:7      | Identified 3 scrolls of acquirement
  5572 | D:7      | Reached skill level 9 in Unarmed Combat
  6070 | D:7      | Found a runed translucent door.
  6071 | D:7      | Noticed Crazy Yiuf
  6161 | D:8      | Found Arevveeq's Tremendous Tomes.
  6267 | D:8      | Reached skill level 5 in Shapeshifting
  6470 | D:8      | Found an iron altar of Okawaru.
  6985 | D:8      | Found a basalt altar of Yredelemnul.
  7324 | D:9      | Reached XP level 10. HP: 68/90 MP: 13/13
  7622 | D:9      | Reached skill level 10 in Unarmed Combat
  7655 | D:9      | Found an ornate altar of the Wu Jian Council.
  7979 | D:9      | Reached *** piety under Qazlal
  8470 | D:9      | Noticed Gastronok
  8489 | D:9      | Killed Gastronok
  8490 | D:9      | Reached XP level 11. HP: 36/99 MP: 14/14
  8750 | D:9      | Reached skill level 10 in Fighting
  8846 | D:10     | Entered Level 10 of the Dungeon
  8962 | D:10     | Found a portal to a secret trove of treasure.
  9303 | D:10     | Noticed a two-headed ogre
  9317 | D:9      | Noticed a two-headed ogre
  9323 | D:9      | Killed a two-headed ogre
  9324 | D:9      | Reached skill level 11 in Unarmed Combat
  9505 | D:9      | Identified the +7 long sword of Cataclysm {freeze, Str+3}
  9614 | D:9      | Killed a two-headed ogre
  9870 | D:10     | Found Pemu's Magic Scroll Shoppe.
  9875 | D:10     | Bought a scroll of fear for 64 gold pieces
  9878 | D:10     | Acquired a manual of Evocations
  9880 | D:10     | Acquired the ring of Fajaes {Fly rC+ rCorr Str+3 Stlth+}
  9882 | D:10     | Acquired 320 gold pieces
  9998 | D:10     | Noticed a two-headed ogre
 10076 | D:10     | Found a staircase to the Lair.
 10081 | D:10     | Noticed Grum
 10135 | D:10     | Killed Grum
 10212 | D:10     | Killed a two-headed ogre
 10344 | D:10     | Reached skill level 12 in Unarmed Combat
 10577 | D:11     | Reached skill level 1 in Evocations
 10624 | D:11     | Noticed a two-headed ogre
 10627 | D:11     | Noticed a centaur warrior
 10631 | D:11     | Killed a two-headed ogre
 10635 | D:11     | Killed a centaur warrior
 10654 | D:11     | a swamp worm changed into a deep troll
 10654 | D:11     | Noticed a deep troll (glowing shapeshifter)
 10658 | D:11     | a deep troll changed into a satyr
 10658 | D:11     | Noticed a satyr (glowing shapeshifter)
 10659 | D:11     | a satyr changed into a spark wasp
 10659 | D:11     | Noticed a spark wasp (glowing shapeshifter)
 10663 | D:11     | Slain by a spark wasp (glowing shapeshifter)

Illustrated notes

Levels and vault maps discovered:
D:1:      sevenhm_arrival_forest_fort_large_2, layout_loops_ring,
          ebering_ecumenical_altar_petrified, item_on_display_a
D:2:      layout_rooms, nicolae_figureground_pulse
D:3:      layout_loops_ring, elyvilon_altar_3, ashenzari_conservatory_becter,
          serial_glass, glass_columns_a, glass_columns_a, glass_columns_b,
          glass_columns_a, glass_columns_a, glass_columns_c
D:4:      layout_cave_pools, minmay_temple_entry_glassed_door,
          lightli_sewer_entry_pipes, enter_ossuary_3
D:5:      layout_basic, nicolae_overflow_macrodata_refinement, uniq_eustachio,
          uniq_ijyb, uniq_sigmund
D:6:      layout_loops_cross, gammafunk_ghost_grave
D:7:      layout_rooms, kennysheep_generic_room_14, uniq_crazy_yiuf_cottage
D:8:      layout_gridville, grunt_temple_overflow_open, st_stairs_5,
          nicolae_shop_i_like_big_books, nicolae_concentric_dashed_squares_mild,
          lemuel_flamethrower_2
D:9:      layout_basic, nicolae_wu_jian_glorious_leap,
          hangedman_abyss_or_decor_passed, uniq_gastronok
D:10:     layout_rooms, minmay_lair_entry_grove, serial_shops, shop_scrolls,
          enter_trove_0, uniq_grum
D:11:     minmay_chopped_fan, layout_basic, gammafunk_ghost_arena
Temple:   dshaligram_water_room_temple

Skill      XL: |  1  2  3  4  5  6  7  8  9 10 11 |
---------------+----------------------------------+-----
Fighting       | 2 3 4 6 7 8 9 10 | 10.2
Unarmed Combat | 4 5 7 8 9 10 12 | 12.0
Dodging        | 2 3 |  3.6
Shapeshifting  | 4 5 7 9 |  9.7
Invocations    | 4 |  4.7
Evocations     | 3 |  3.1

Action                     |  1- 3 |  4- 6 |  7- 9 | 10-12 || total
---------------------------+-------+-------+-------+-------++-------
  Melee: Unarmed           |   103 |   252 |   277 |   245 ||   877
         Tailslap          |    13 |    33 |    44 |    43 ||   133
         Punch             |     3 |     4 |    16 |    20 ||    43
  Throw: Dart              |       |       |    20 |       ||    20
 Invoke: Upheaval          |       |       |     3 |     2 ||     5
Ability: Breathe Dispellin |       |       |       |     1 ||     1
    Use: Scroll            |       |     4 |     3 |     3 ||    10
         Potion            |       |       |       |     4 ||     4
   Stab: Sleeping          |     4 |       |       |       ||     4
 Armour: Skin              |    26 |    53 |    51 |    32 ||   162
  Dodge: Dodged            |    54 |   132 |   167 |   126 ||   479
  Block: Other             |       |       |    10 |    26 ||    36
   Form: Blade             |       |       |       |     1 ||     1

Table legend: (Time is in decaauts)
 A = Elapsed time spent in this place.
 B = Non-inter-level travel time spent in this place.
 C = Inter-level travel time spent in this place.
 D = Time resting spent in this place.
 E = Time spent auto-exploring this place.
 F = Levels seen in this place.
 G = Mean time per level.
                   A        B        C        D        E       F      G
               +--------+--------+--------+--------+--------+-----+--------+
         Total |  10582 |  10130 |    452 |   3109 |   4366 |  13 |  814.0 |
       Dungeon |  10100 |   9648 |    452 |   3000 |   4288 |  11 |  918.2 |
        Temple |     32 |     32 |      0 |      0 |      0 |   1 |   32.0 |
       Ossuary |    449 |    449 |      0 |    109 |     78 |   1 |  449.0 |
               +--------+--------+--------+--------+--------+-----+--------+

Top non-repeatable levels by time:
     D:9: 2024 daAuts
     D:8: 1356 daAuts
     D:6: 1237 daAuts
    D:10: 970 daAuts
     D:7: 887 daAuts
     D:1: 830 daAuts
     D:4: 792 daAuts
     D:3: 665 daAuts
     D:2: 660 daAuts
     D:5: 532 daAuts
 Ossuary: 449 daAuts
    D:11: 142 daAuts
  Temple: 32 daAuts
